[Event "Live Chess"]
[Site "Chess.com"]
[Date "2011.01.26"]
[Round "-"]
[White "samdvick"]
[Black "hipposcottimus"]
[Result "1-0"]
[CurrentPosition "rn3rk1/pp1qN1pp/4R3/3p4/1P6/4Q3/2P3PP/2B3K1 b - -"]
[Timezone "UTC"]
[ECO "B12"]
[ECOUrl "https://www.chess.com/openings/Caro-Kann-Defense-2.d4-d5"]
[UTCDate "2011.01.26"]
[UTCTime "22:45:31"]
[WhiteElo "1700"]
[BlackElo "1611"]
[TimeControl "60"]
[Termination "samdvick won on time"]
[StartTime "22:45:31"]
[EndDate "2011.01.26"]
[EndTime "22:47:09"]
[Link "https://www.chess.com/game/live/91713562"]

1. d4 d5 2. e4 c6 3. Nc3 e6 4. e5 Bb4 5. f4 c5 6. a3 cxd4 7. axb4 dxc3 8. bxc3 Qc7 9. Nf3 Qxc3+ 10. Qd2 Qxa1 11. Bd3 Qa4 12. O-O Qd7 13. f5 f6 14. fxe6 Qxe6 15. Nh4 fxe5 16. Bf5 Qc6 17. Re1 Bxf5 18. Rxe5+ Be6 19. Qe3 Ne7 20. Rxe6 Qd7 21. Nf5 O-O 22. Nxe7+ 1-0

[Event "Live Chess"]
[Site "Chess.com"]
[Date "2011.01.26"]
[Round "-"]
[White "hipposcottimus"]
[Black "samdvick"]
[Result "0-1"]
[CurrentPosition "8/5p2/pb2p2p/6k1/6P1/r5K1/8/8 w - -"]
[Timezone "UTC"]
[ECO "B06"]
[ECOUrl "https://www.chess.com/openings/Modern-Defense-with-1-e4-2.Nf3"]
[UTCDate "2011.01.26"]
[UTCTime "22:43:22"]
[WhiteElo "1617"]
[BlackElo "1694"]
[TimeControl "60"]
[Termination "samdvick won on time"]
[StartTime "22:43:22"]
[EndDate "2011.01.26"]
[EndTime "22:45:22"]
[Link "https://www.chess.com/game/live/91712891"]

1. e4 g6 2. Nf3 Bg7 3. e5 d6 4. d4 dxe5 5. dxe5 e6 6. Qxd8+ Kxd8 7. Nc3 Bd7 8. Bf4 Nc6 9. Bb5 Nge7 10. O-O-O Kc8 11. Ba4 a6 12. Bb3 b5 13. Nd4 Nxd4 14. Rxd4 b4 15. Rxb4 h6 16. Ba4 Bxa4 17. Rxa4 g5 18. Be3 Bxe5 19. g3 Bd6 20. Ne4 Kd7 21. Rd4 Nf5 22. Nf6+ Ke7 23. Rd3 Kxf6 24. Bd4+ Nxd4 25. Rxd4 Be5 26. Rd7 Rab8 27. Rxc7 Bxb2+ 28. Kd1 Rhd8+ 29. Ke2 Be5 30. Kf3 Bxc7 31. Re1 Rd2 32. g4 Rb2 33. Re2 Rbxc2 34. Rxd2 Rxd2 35. Kg2 Bb6 36. h4 Rxf2+ 37. Kh3 Rxa2 38. hxg5+ Kxg5 39. Kg3 Ra3+ 0-1

[Event "Live Chess"]
[Site "Chess.com"]
[Date "2011.01.26"]
[Round "-"]
[White "samdvick"]
[Black "hipposcottimus"]
[Result "0-1"]
[CurrentPosition "6rk/ppQ3p1/4b3/8/2p4P/8/2Pr2q1/4R2K w - -"]
[Timezone "UTC"]
[ECO "D00"]
[ECOUrl "https://www.chess.com/openings/Queens-Pawn-Opening-Chigorin-Variation-2...c6-3.e4"]
[UTCDate "2011.01.26"]
[UTCTime "22:40:58"]
[WhiteElo "1687"]
[BlackElo "1624"]
[TimeControl "60"]
[Termination "hipposcottimus won by checkmate"]
[StartTime "22:40:58"]
[EndDate "2011.01.26"]
[EndTime "22:43:07"]
[Link "https://www.chess.com/game/live/91712244"]

1. d4 d5 2. Nc3 c6 3. e4 e6 4. f3 f6 5. Be3 Ne7 6. Bd3 Ng6 7. f4 Nd7 8. e5 Ne7 9. Nf3 fxe5 10. fxe5 Ng6 11. Bg5 Be7 12. Bxe7 Nxe7 13. Qd2 O-O 14. O-O-O c5 15. g4 cxd4 16. Nxd4 Nxe5 17. Bxh7+ Kh8 18. Bd3 Nxg4 19. h3 Ne5 20. h4 Nc4 21. Bxc4 dxc4 22. Qf2 Nd5 23. Qg3 Nxc3 24. Nxe6 Nxa2+ 25. Kb1 Nc3+ 26. bxc3 Qb6+ 27. Kc1 Qxe6 28. Rhe1 Qa6 29. Rg1 Rg8 30. Qc7 Be6 31. Rde1 Qa1+ 32. Kd2 Rad8+ 33. Ke2 Qxc3 34. Kf2 Qf6+ 35. Kg2 Rd2+ 36. Kh1 Qf3+ 37. Rg2 Qxg2# 0-1

[Event "Live Chess"]
[Site "Chess.com"]
[Date "2011.01.26"]
[Round "-"]
[White "Zelrome"]
[Black "hipposcottimus"]
[Result "0-1"]
[CurrentPosition "5k2/ppp1r1pp/5n2/8/3P1P2/2PK4/1P2p1nP/1N2R3 w - -"]
[Timezone "UTC"]
[ECO "C31"]
[ECOUrl "https://www.chess.com/openings/Kings-Gambit-Declined-Falkbeer-Accepted-Staunton-Line"]
[UTCDate "2011.01.26"]
[UTCTime "22:38:21"]
[WhiteElo "1800"]
[BlackElo "1613"]
[TimeControl "60"]
[Termination "hipposcottimus won on time"]
[StartTime "22:38:21"]
[EndDate "2011.01.26"]
[EndTime "22:40:32"]
[Link "https://www.chess.com/game/live/91711463"]

1. e4 e5 2. f4 d5 3. exd5 e4 4. d4 Qxd5 5. Nc3 Bb4 6. Bc4 Qa5 7. Bxf7+ Kxf7 8. Bd2 Nf6 9. Qe2 Re8 10. O-O-O Kg8 11. Nh3 Bg4 12. Qe3 Bxd1 13. Nxd1 Bxd2+ 14. Qxd2 Qxa2 15. Nc3 e3 16. Qd3 Qa1+ 17. Nb1 e2 18. Qc4+ Kh8 19. Re1 Qa6 20. Qb3 Qa5 21. Nc3 Nc6 22. Ng5 Qa1+ 23. Nb1 Qa5 24. Nf7+ Kg8 25. Nd6+ Kf8 26. Nxe8 Rxe8 27. Qa3+ Re7 28. Qxa5 Nxa5 29. c3 Nc4 30. Kc2 Ne3+ 31. Kd3 Nxg2 0-1

[Event "Live Chess"]
[Site "Chess.com"]
[Date "2011.01.26"]
[Round "-"]
[White "hipposcottimus"]
[Black "Renon-Allen"]
[Result "0-1"]
[CurrentPosition "6k1/1p4p1/2p1Pp1p/R4P2/8/P1P5/3r3r/5RK1 b - -"]
[Timezone "UTC"]
[ECO "C00"]
[ECOUrl "https://www.chess.com/openings/Pirc-Defense-Small-Center-Defense"]
[UTCDate "2011.01.26"]
[UTCTime "22:35:38"]
[WhiteElo "1613"]
[BlackElo "1635"]
[TimeControl "60"]
[Termination "Renon-Allen won by resignation"]
[StartTime "22:35:38"]
[EndDate "2011.01.26"]
[EndTime "22:37:45"]
[Link "https://www.chess.com/game/live/91710705"]

1. e4 d6 2. d4 e6 3. c4 a6 4. f4 h6 5. d5 e5 6. fxe5 dxe5 7. Nf3 Bd6 8. c5 Bxc5 9. Nxe5 Bd6 10. Nf3 Nf6 11. Be2 O-O 12. O-O Qe8 13. Re1 Be5 14. Nc3 c6 15. d6 Bg4 16. h3 Bxf3 17. Bxf3 Qd7 18. Bg4 Nxg4 19. hxg4 a5 20. Rf1 Na6 21. Qf3 Nc5 22. Qf5 Bxc3 23. bxc3 Qxf5 24. gxf5 Nd3 25. Rf3 Nxc1 26. Rxc1 Rad8 27. Rcf1 Rxd6 28. e5 Rd2 29. a3 f6 30. e6 Re2 31. Rf4 Rd8 32. Ra4 Rdd2 33. Rxa5 Rxg2+ 34. Kh1 Rh2+ 35. Kg1 0-1

[Event "Live Chess"]
[Site "Chess.com"]
[Date "2011.01.26"]
[Round "-"]
[White "hipposcottimus"]
[Black "Kramer34"]
[Result "0-1"]
[CurrentPosition "5rk1/p3bb1n/1p6/2p1p1PK/2P1P3/3B4/PP6/4R3 w - -"]
[Timezone "UTC"]
[ECO "C00"]
[ECOUrl "https://www.chess.com/openings/Pirc-Defense-Small-Center-Defense"]
[UTCDate "2011.01.26"]
[UTCTime "22:32:57"]
[WhiteElo "1621"]
[BlackElo "1577"]
[TimeControl "60"]
[Termination "Kramer34 won on time"]
[StartTime "22:32:57"]
[EndDate "2011.01.26"]
[EndTime "22:34:57"]
[Link "https://www.chess.com/game/live/91709909"]

1. e4 d6 2. d4 e6 3. c4 Be7 4. f4 Nf6 5. Nf3 Nfd7 6. Bd3 O-O 7. Be3 f6 8. O-O e5 9. f5 c5 10. dxe5 dxe5 11. Nc3 b6 12. Nd5 Bd6 13. Qe1 Bb7 14. Qh4 h6 15. Bxh6 gxh6 16. Qxh6 Rf7 17. Nh4 Rh7 18. Qg6+ Rg7 19. Qh6 Rh7 20. Qg6+ Rg7 21. Nxf6+ Nxf6 22. Qxf6 Qxf6 23. Ng6 Rxg6 24. fxg6 Qxg6 25. Rf3 Nd7 26. Rg3 Qxg3 27. hxg3 Rf8 28. Re1 Nf6 29. Kh2 Ng4+ 30. Kh3 Nh6 31. g4 Nf7 32. Kh4 Bc8 33. g3 Be7+ 34. g5 Nxg5 35. Kh5 Nh7 36. g4 Be6 37. g5 Bf7+ 0-1

[Event "Live Chess"]
[Site "Chess.com"]
[Date "2011.01.26"]
[Round "-"]
[White "maher_1987"]
[Black "hipposcottimus"]
[Result "0-1"]
[CurrentPosition "r4rk1/pp4pp/2nb4/P5q1/3pQ1B1/3P3b/1PPB1Pp1/RN3RK1 w - -"]
[Timezone "UTC"]
[ECO "A00"]
[ECOUrl "https://www.chess.com/openings/Anderssen-Opening-Creepy-Crawly-Formation-Classical-Defense"]
[UTCDate "2011.01.26"]
[UTCTime "22:30:54"]
[WhiteElo "1240"]
[BlackElo "1621"]
[TimeControl "60"]
[Termination "hipposcottimus won on time"]
[StartTime "22:30:54"]
[EndDate "2011.01.26"]
[EndTime "22:32:31"]
[Link "https://www.chess.com/game/live/91709314"]

1. h3 e5 2. a3 d5 3. e3 c5 4. d3 Nc6 5. Be2 f5 6. Bd2 Nf6 7. Nf3 d4 8. exd4 cxd4 9. O-O Bd6 10. h4 O-O 11. h5 Nxh5 12. Nh4 Qxh4 13. Bxh5 f4 14. a4 Qg5 15. a5 Bh3 16. Qf3 e4 17. Qxe4 f3 18. Bg4 fxg2 0-1

[Event "Live Chess"]
[Site "Chess.com"]
[Date "2011.01.26"]
[Round "-"]
[White "hipposcottimus"]
[Black "maher_1987"]
[Result "1-0"]
[CurrentPosition "r1bk4/pp1p1B1p/2p5/4Q3/3PPB2/8/PP3KPP/nN6 b - -"]
[Timezone "UTC"]
[ECO "C57"]
[ECOUrl "https://www.chess.com/openings/Italian-Game-Traxler-Knight-Sacrifice-Line"]
[UTCDate "2011.01.26"]
[UTCTime "22:28:58"]
[WhiteElo "1619"]
[BlackElo "1242"]
[TimeControl "60"]
[Termination "hipposcottimus won on time"]
[StartTime "22:28:58"]
[EndDate "2011.01.26"]
[EndTime "22:30:26"]
[Link "https://www.chess.com/game/live/91708759"]

1. e4 e5 2. Nf3 Nc6 3. Bc4 Nf6 4. Ng5 Bc5 5. Nxf7 Kf8 6. Nxd8 Ng4 7. O-O Nxf2 8. Qf3+ Ke7 9. Qf7+ Kxd8 10. Rxf2 Bxf2+ 11. Kxf2 Nd4 12. Qxg7 Nxc2 13. Qxh8+ Ke7 14. Qxe5+ Kd8 15. Bf7 c6 16. d4 Nxa1 17. Bf4 1-0

[Event "Live Chess"]
[Site "Chess.com"]
[Date "2011.01.26"]
[Round "-"]
[White "01001011"]
[Black "hipposcottimus"]
[Result "0-1"]
[CurrentPosition "6k1/p1p3pp/2p2pb1/8/2P3P1/P7/1rr4P/RK5R w - -"]
[Timezone "UTC"]
[ECO "C42"]
[ECOUrl "https://www.chess.com/openings/Petrovs-Defense-Three-Knights-Game"]
[UTCDate "2011.01.26"]
[UTCTime "22:26:43"]
[WhiteElo "1616"]
[BlackElo "1617"]
[TimeControl "60"]
[Termination "hipposcottimus won by checkmate"]
[StartTime "22:26:43"]
[EndDate "2011.01.26"]
[EndTime "22:28:04"]
[Link "https://www.chess.com/game/live/91708185"]

1. e4 e5 2. Nc3 Nf6 3. Nf3 d5 4. d3 dxe4 5. dxe4 Qxd1+ 6. Nxd1 Nxe4 7. Nc3 Nxc3 8. bxc3 Bd6 9. Bb2 O-O 10. c4 f6 11. Bd3 Bb4+ 12. Nd2 Re8 13. a3 e4 14. Be2 Bxd2+ 15. Kxd2 Bf5 16. Kc1 Nc6 17. g4 Bg6 18. f3 exf3 19. Bxf3 Re3 20. Bg2 Re2 21. Bxc6 bxc6 22. Bc3 Rxc2+ 23. Kb1 Rb8+ 24. Bb2 Rbxb2# 0-1

[Event "Live Chess"]
[Site "Chess.com"]
[Date "2011.01.26"]
[Round "-"]
[White "hipposcottimus"]
[Black "01001011"]
[Result "1/2-1/2"]
[CurrentPosition "8/8/8/8/7k/8/7K/8 w - -"]
[Timezone "UTC"]
[ECO "C42"]
[ECOUrl "https://www.chess.com/openings/Petrovs-Defense-Urusov-Gambit"]
[UTCDate "2011.01.26"]
[UTCTime "22:24:18"]
[WhiteElo "1609"]
[BlackElo "1624"]
[TimeControl "60"]
[Termination "Game drawn by insufficient material"]
[StartTime "22:24:18"]
[EndDate "2011.01.26"]
[EndTime "22:26:32"]
[Link "https://www.chess.com/game/live/91707460"]

1. e4 e5 2. Nf3 Nf6 3. Bc4 d6 4. d4 h6 5. dxe5 dxe5 6. Qxd8+ Kxd8 7. Nxe5 Nxe4 8. Nxf7+ Ke8 9. Nxh8 Bc5 10. O-O Bxf2+ 11. Rxf2 Nxf2 12. Kxf2 Bf5 13. Na3 Nc6 14. Bf4 Kd7 15. Nf7 a6 16. Ne5+ Nxe5 17. Bxe5 b5 18. Bb3 Re8 19. Bxg7 h5 20. Rd1+ Kc8 21. Nb1 c5 22. a3 c4 23. Ba2 Re7 24. b3 Rxg7 25. bxc4 Bxc2 26. cxb5 Bxd1 27. bxa6 Ra7 28. Bc4 Ba4 29. Nc3 Bc6 30. Bb5 Bxb5 31. Nxb5 Rxa6 32. a4 Rxa4 33. g3 Ra2+ 34. Kf3 Rxh2 35. Kf4 Rb2 36. Nd4 Rb4 37. Ke4 Kd7 38. Kd3 Kd6 39. Nf3 Rb3+ 40. Ke4 Rxf3 41. Kxf3 Ke6 42. Kf4 Kf6 43. Kf3 Kg5 44. Kg2 h4 45. Kh2 Kg4 46. gxh4 Kxh4 1/2-1/2

[Event "Live Chess"]
[Site "Chess.com"]
[Date "2011.01.26"]
[Round "-"]
[White "01001011"]
[Black "hipposcottimus"]
[Result "1-0"]
[CurrentPosition "r1br2k1/ppp2ppp/2n5/6q1/8/2QBPN1P/PPP3P1/2KR3R b - -"]
[Timezone "UTC"]
[ECO "C26"]
[ECOUrl "https://www.chess.com/openings/Vienna-Game-Falkbeer-Variation-3.d3"]
[UTCDate "2011.01.26"]
[UTCTime "22:23:24"]
[WhiteElo "1624"]
[BlackElo "1609"]
[TimeControl "60"]
[Termination "01001011 won by resignation"]
[StartTime "22:23:24"]
[EndDate "2011.01.26"]
[EndTime "22:24:05"]
[Link "https://www.chess.com/game/live/91707204"]

1. e4 e5 2. d3 Nf6 3. Nc3 d5 4. exd5 Nxd5 5. Nxd5 Qxd5 6. Be3 Nc6 7. Nf3 Bc5 8. Be2 Bxe3 9. fxe3 e4 10. dxe4 Qxe4 11. Bd3 Qg4 12. Qd2 O-O 13. O-O-O Rd8 14. h3 Qg5 15. Qc3 1-0

[Event "Live Chess"]
[Site "Chess.com"]
[Date "2011.01.26"]
[Round "-"]
[White "hipposcottimus"]
[Black "petecolumbus"]
[Result "1-0"]
[CurrentPosition "r5nr/k6p/p5n1/1qp2p2/1P6/5QB1/P5PP/2RR2K1 b - -"]
[Timezone "UTC"]
[ECO "B00"]
[ECOUrl "https://www.chess.com/openings/Nimzowitsch-Defense-Mikenas-Variation"]
[UTCDate "2011.01.26"]
[UTCTime "22:19:00"]
[WhiteElo "1617"]
[BlackElo "1584"]
[TimeControl "60"]
[Termination "hipposcottimus won on time"]
[StartTime "22:19:00"]
[EndDate "2011.01.26"]
[EndTime "22:21:11"]
[Link "https://www.chess.com/game/live/91705971"]

1. e4 d6 2. d4 Nc6 3. d5 Ne5 4. f4 Ng6 5. Be3 e5 6. f5 N6e7 7. Nf3 g6 8. Bc4 gxf5 9. O-O fxe4 10. Ng5 f6 11. Nxe4 a6 12. Qh5+ Kd7 13. Be2 c6 14. Bg4+ Kc7 15. Be6 Bxe6 16. dxe6 d5 17. Nec3 d4 18. Rd1 c5 19. Na4 Qc8 20. Bf2 Qxe6 21. Nxc5 Qd5 22. b4 b6 23. Nd3 f5 24. Nd2 e4 25. Nf4 Qb5 26. Nb3 d3 27. cxd3 exd3 28. Nxd3 Ng6 29. Bg3+ Kb7 30. Qf3+ Ka7 31. Ndc5 Bxc5+ 32. Nxc5 bxc5 33. Rac1 1-0

[Event "Live Chess"]
[Site "Chess.com"]
[Date "2011.01.26"]
[Round "-"]
[White "Maddy1234"]
[Black "hipposcottimus"]
[Result "1-0"]
[CurrentPosition "1k3n2/ppp2r1p/8/3N4/3p2QP/1K3PP1/PP2q3/RN5R b - -"]
[Timezone "UTC"]
[ECO "C20"]
[ECOUrl "https://www.chess.com/openings/Kings-Pawn-Opening-Wayward-Queen-Kiddie-Countergambit"]
[UTCDate "2011.01.26"]
[UTCTime "22:15:57"]
[WhiteElo "1427"]
[BlackElo "1609"]
[TimeControl "60"]
[Termination "Maddy1234 won on time"]
[StartTime "22:15:57"]
[EndDate "2011.01.26"]
[EndTime "22:17:59"]
[Link "https://www.chess.com/game/live/91705153"]

1. e4 e5 2. Qh5 Nf6 3. Qxe5+ Be7 4. Qg5 d5 5. e5 Ne4 6. Qxg7 Bf8 7. Qxh8 Bf5 8. d4 Bg6 9. Bh6 Nd7 10. g3 Qe7 11. Bh3 O-O-O 12. Bxd7+ Qxd7 13. Bxf8 Qe8 14. f3 Ng5 15. h4 Ne6 16. Qf6 Nxf8 17. e6 fxe6 18. Ne2 Rd7 19. Nf4 Rf7 20. Qg5 e5 21. Qg4+ Kb8 22. Nxd5 exd4+ 23. Kd1 Bxc2+ 24. Kxc2 Qe2+ 25. Kb3 1-0

[Event "Live Chess"]
[Site "Chess.com"]
[Date "2011.01.26"]
[Round "-"]
[White "hipposcottimus"]
[Black "Maddy1234"]
[Result "0-1"]
[CurrentPosition "r1b3r1/1p3k2/p2b3p/2B1n1p1/4Nn2/2N3Q1/PPP2PPP/R3K2R w KQ -"]
[Timezone "UTC"]
[ECO "C40"]
[ECOUrl "https://www.chess.com/openings/Kings-Pawn-Opening-Kings-Knight-McConnell-Defense"]
[UTCDate "2011.01.26"]
[UTCTime "22:13:54"]
[WhiteElo "1620"]
[BlackElo "1414"]
[TimeControl "60"]
[Termination "Maddy1234 won on time"]
[StartTime "22:13:54"]
[EndDate "2011.01.26"]
[EndTime "22:15:41"]
[Link "https://www.chess.com/game/live/91704602"]

1. e4 e5 2. Nf3 Qf6 3. Nc3 c6 4. d4 d6 5. d5 h6 6. Bc4 g5 7. Be3 Ne7 8. Nd2 c5 9. Qf3 a6 10. Qxf6 Rg8 11. Qxd6 Nf5 12. Qxe5+ Ne7 13. d6 Nd7 14. Bxf7+ Kxf7 15. Qg3 Ng6 16. e5 Ndxe5 17. Bxc5 Bxd6 18. Nde4 Nf4 0-1

[Event "Live Chess"]
[Site "Chess.com"]
[Date "2011.01.26"]
[Round "-"]
[White "Maddy1234"]
[Black "hipposcottimus"]
[Result "0-1"]
[CurrentPosition "5k2/pp4R1/2n4p/8/7P/2BP4/PPPK4/q7 w - -"]
[Timezone "UTC"]
[ECO "C20"]
[ECOUrl "https://www.chess.com/openings/Kings-Pawn-Opening-Wayward-Queen-Kiddie-Countergambit"]
[UTCDate "2011.01.26"]
[UTCTime "22:11:24"]
[WhiteElo "1400"]
[BlackElo "1632"]
[TimeControl "60"]
[Termination "hipposcottimus won on time"]
[StartTime "22:11:24"]
[EndDate "2011.01.26"]
[EndTime "22:13:37"]
[Link "https://www.chess.com/game/live/91703864"]

1. e4 e5 2. Qh5 Nf6 3. Qxe5+ Be7 4. d3 d5 5. exd5 O-O 6. Qg5 Bd6 7. h4 Re8+ 8. Ne2 Bg4 9. f3 Bh5 10. g4 h6 11. Qe3 Rxe3 12. Bxe3 Qe8 13. Bf2 Nxg4 14. fxg4 Bxg4 15. Nc3 c6 16. Bd4 Bg3+ 17. Kd1 cxd5 18. Nxd5 Nc6 19. Bc3 Rd8 20. Rg1 Rxd5 21. Rxg3 f5 22. Bh3 Qg6 23. Bxg4 fxg4 24. Nf4 Qf5 25. Nxd5 Qxd5 26. Rxg4 Qh1+ 27. Kd2 Qxa1 28. Rxg7+ Kf8 0-1

[Event "Live Chess"]
[Site "Chess.com"]
[Date "2011.01.26"]
[Round "-"]
[White "Zosa09"]
[Black "hipposcottimus"]
[Result "1-0"]
[CurrentPosition "r1bq1rk1/pp4pQ/2p1P3/2n1P3/8/3B4/PpP4P/1K1R2NR b - -"]
[Timezone "UTC"]
[ECO "B12"]
[ECOUrl "https://www.chess.com/openings/Caro-Kann-Defense-2.d4-d5"]
[UTCDate "2011.01.26"]
[UTCTime "22:09:30"]
[WhiteElo "1685"]
[BlackElo "1629"]
[TimeControl "60"]
[Termination "Zosa09 won by checkmate"]
[StartTime "22:09:30"]
[EndDate "2011.01.26"]
[EndTime "22:10:40"]
[Link "https://www.chess.com/game/live/91703348"]

1. d4 d5 2. e4 c6 3. Nc3 e6 4. f3 Bb4 5. Bd2 Bxc3 6. Bxc3 Nd7 7. e5 Ne7 8. f4 f6 9. Qf3 fxe5 10. fxe5 Nf5 11. O-O-O O-O 12. Bd3 Nxd4 13. Qh3 Nf5 14. g4 d4 15. gxf5 dxc3 16. fxe6 cxb2+ 17. Kb1 Nc5 18. Qxh7# 1-0

[Event "Live Chess"]
[Site "Chess.com"]
[Date "2011.01.26"]
[Round "-"]
[White "hipposcottimus"]
[Black "13tone"]
[Result "0-1"]
[CurrentPosition "4r3/pp3pk1/2p1r1pp/8/3PR3/P2B2n1/1PP3P1/7K w - -"]
[Timezone "UTC"]
[ECO "B01"]
[ECOUrl "https://www.chess.com/openings/Scandinavian-Defense-Mieses-Kotrc-Main-Line-4.d4"]
[UTCDate "2011.01.26"]
[UTCTime "21:55:55"]
[WhiteElo "1418"]
[BlackElo "1536"]
[TimeControl "120+12"]
[Termination "13tone won by resignation"]
[StartTime "21:55:55"]
[EndDate "2011.01.26"]
[EndTime "22:09:07"]
[Link "https://www.chess.com/game/live/91699705"]

1. e4 d5 2. exd5 Qxd5 3. Nc3 Qa5 4. d4 e6 5. Bd2 c6 6. a3 Qc7 7. f4 Nf6 8. Nf3 Bd6 9. f5 O-O 10. fxe6 Bxe6 11. Be2 Nbd7 12. O-O h6 13. Bd3 Bg4 14. Qe1 Bxf3 15. Rxf3 Bxh2+ 16. Kh1 Nh5 17. Qh4 Ng3+ 18. Rxg3 Bxg3 19. Qg4 Nf6 20. Qh3 Bf4 21. Be1 Rfe8 22. Bh4 Nd5 23. Ne4 Re6 24. Rf1 Rae8 25. Qf5 g6 26. Qg4 Kh7 27. Nf6+ Nxf6 28. Qxf4 Qxf4 29. Rxf4 Kg7 30. Bg3 Nh5 31. Re4 Nxg3+ 0-1

[Event "Live Chess"]
[Site "Chess.com"]
[Date "2011.01.26"]
[Round "-"]
[White "hipposcottimus"]
[Black "lenaoman"]
[Result "0-1"]
[CurrentPosition "r4r1k/1p4pp/p2p4/2p2Nq1/2Pb4/1P5Q/4RPPP/4R1K1 b - -"]
[Timezone "UTC"]
[ECO "C41"]
[ECOUrl "https://www.chess.com/openings/Philidor-Defense-Exchange-Variation-4.Nxd4"]
[UTCDate "2011.01.26"]
[UTCTime "20:37:12"]
[WhiteElo "1424"]
[BlackElo "1436"]
[TimeControl "60+5"]
[Termination "lenaoman won by resignation"]
[StartTime "20:37:12"]
[EndDate "2011.01.26"]
[EndTime "20:41:48"]
[Link "https://www.chess.com/game/live/91676881"]

1. e4 e5 2. Nf3 d6 3. d4 exd4 4. Nxd4 c5 5. Nb3 Nc6 6. c4 f5 7. Nc3 Nf6 8. Bg5 Be7 9. exf5 Bxf5 10. Bd3 Bxd3 11. Qxd3 O-O 12. O-O Nb4 13. Qh3 a6 14. Rfe1 Nc6 15. Bxf6 Bxf6 16. Nd5 Bxb2 17. Rad1 Nd4 18. Rd2 Nxb3 19. axb3 Bd4 20. Rde2 Qg5 21. Ne7+ Kh8 22. Nf5 0-1

[Event "Live Chess"]
[Site "Chess.com"]
[Date "2011.01.26"]
[Round "-"]
[White "lenaoman"]
[Black "hipposcottimus"]
[Result "0-1"]
[CurrentPosition "rn2r1k1/pp3ppp/6n1/2R1P3/3P4/1b3N2/4qBPP/2Q2R1K w - -"]
[Timezone "UTC"]
[ECO "A02"]
[ECOUrl "https://www.chess.com/openings/Birds-Opening-Froms-Gambit-2.fxe5-d6-3.exd6-Bxd6-4.Nf3"]
[UTCDate "2011.01.26"]
[UTCTime "20:33:00"]
[WhiteElo "1428"]
[BlackElo "1432"]
[TimeControl "60+5"]
[Termination "hipposcottimus won by resignation"]
[StartTime "20:33:00"]
[EndDate "2011.01.26"]
[EndTime "20:36:53"]
[Link "https://www.chess.com/game/live/91675692"]

1. f4 e5 2. fxe5 d6 3. exd6 Bxd6 4. Nf3 Ne7 5. e4 Ng6 6. d4 O-O 7. e5 Re8 8. Be2 Be7 9. O-O Be6 10. c3 c5 11. Be3 Qb6 12. Kh1 Qxb2 13. Nbd2 Qxc3 14. Bf2 Bd5 15. Rc1 Qa5 16. Nb3 Qxa2 17. Nxc5 Bxc5 18. Rxc5 Bb3 19. Qc1 Qxe2 0-1

[Event "Live Chess"]
[Site "Chess.com"]
[Date "2011.01.26"]
[Round "-"]
[White "hipposcottimus"]
[Black "lenaoman"]
[Result "0-1"]
[CurrentPosition "5r1k/6pp/p2Q1q2/2p2P2/1pP2bP1/5P2/P5RP/3R2K1 b - -"]
[Timezone "UTC"]
[ECO "C41"]
[ECOUrl "https://www.chess.com/openings/Philidor-Defense-Exchange-Variation-4.Nxd4"]
[UTCDate "2011.01.26"]
[UTCTime "20:27:11"]
[WhiteElo "1424"]
[BlackElo "1436"]
[TimeControl "60+5"]
[Termination "lenaoman won by resignation"]
[StartTime "20:27:11"]
[EndDate "2011.01.26"]
[EndTime "20:32:51"]
[Link "https://www.chess.com/game/live/91674025"]

1. e4 e5 2. Nf3 d6 3. d4 exd4 4. Nxd4 a6 5. c4 c5 6. Nb3 Nc6 7. Nc3 f5 8. Bd3 Nf6 9. Bg5 Be7 10. Bxf6 Bxf6 11. O-O O-O 12. Nd5 Ne5 13. exf5 Nxd3 14. Qxd3 Be5 15. g4 Bxb2 16. Rae1 Qg5 17. Ne7+ Kh8 18. Nxc8 Raxc8 19. f3 Be5 20. Re2 Rf6 21. Rg2 Rcf8 22. Nd2 Bf4 23. Ne4 Qh6 24. Nxf6 Qxf6 25. Qd5 b5 26. Rd1 b4 27. Qxd6 0-1

[Event "Live Chess"]
[Site "Chess.com"]
[Date "2011.01.26"]
[Round "-"]
[White "alex_stojanov"]
[Black "hipposcottimus"]
[Result "0-1"]
[CurrentPosition "r4rk1/p1p3pp/2p5/5Pb1/3P4/1R5K/1P5P/8 w - -"]
[Timezone "UTC"]
[ECO "C65"]
[ECOUrl "https://www.chess.com/openings/Ruy-Lopez-Opening-Berlin-Defense-4.Bxc6-dxc6"]
[UTCDate "2011.01.26"]
[UTCTime "20:19:41"]
[WhiteElo "1271"]
[BlackElo "1432"]
[TimeControl "300+3"]
[Termination "hipposcottimus won by resignation"]
[StartTime "20:19:41"]
[EndDate "2011.01.26"]
[EndTime "20:26:44"]
[Link "https://www.chess.com/game/live/91671836"]

1. e4 e5 2. Nf3 Nc6 3. Bb5 Nf6 4. Bxc6 dxc6 5. Nxe5 Nxe4 6. d3 Nxf2 7. Kxf2 Qd4+ 8. Be3 Qxe5 9. Re1 Be6 10. g3 Bc5 11. d4 Qf6+ 12. Qf3 Qxf3+ 13. Kxf3 Bd6 14. Nc3 O-O 15. Kg2 b5 16. Rad1 b4 17. Ne4 Bd5 18. Bg5 f5 19. Kh3 Bxe4 20. g4 Bxc2 21. Rd2 b3 22. axb3 Bxb3 23. gxf5 Bb4 24. Re3 Bxd2 25. Rxb3 Bxg5 0-1

[Event "Live Chess"]
[Site "Chess.com"]
[Date "2011.01.26"]
[Round "-"]
[White "freemyggle"]
[Black "hipposcottimus"]
[Result "1-0"]
[CurrentPosition "r4rk1/p4ppp/3p4/2q1n3/Q2N2b1/4N3/PP4PP/R1B2R1K b - -"]
[Timezone "UTC"]
[ECO "A02"]
[ECOUrl "https://www.chess.com/openings/Birds-Opening-Froms-Gambit-2.fxe5-d6-3.exd6-Bxd6-4.Nf3"]
[UTCDate "2011.01.26"]
[UTCTime "20:12:58"]
[WhiteElo "1496"]
[BlackElo "1427"]
[TimeControl "420"]
[Termination "freemyggle won on time"]
[StartTime "20:12:58"]
[EndDate "2011.01.26"]
[EndTime "20:17:49"]
[Link "https://www.chess.com/game/live/91668624"]

1. f4 e5 2. fxe5 d6 3. exd6 Bxd6 4. Nf3 Bg4 5. e3 Ne7 6. d4 Ng6 7. c3 Nc6 8. Bb5 O-O 9. Bxc6 bxc6 10. O-O Ne7 11. e4 Ng6 12. Qa4 c5 13. e5 cxd4 14. exd6 dxc3 15. Nxc3 cxd6 16. Nd4 Qb6 17. Kh1 Ne5 18. Nd5 Qc5 19. Ne3 1-0